 Dungeon Crawl Stone Soup version 0.27.1-34-g3ba077fa99 (webtiles) character file.

Game seed: 12060400607416726725

28483 shadowrider38 the Warrior (level 13, 0/80 HPs)
             Began as a Vine Stalker Fighter on Jan 5, 2022.
             Was an Initiate of Gozag.
             Slain by an entropy weaver simulacrum (7 damage)
             ... in an ice cave.
             The game lasted 00:55:00 (19113 turns).

shadowrider38 the Warrior (Vine Stalker Fighter)   Turns: 19113, Time: 00:55:01

Health: 0/80       AC: 17    Str: 23    XL:     13   Next: 39%
Magic:  0/14       EV:  4    Int: 11    God:    Gozag
Gold:   872        SH: 10    Dex: 15    Spells: 9/12 levels left

rFire    . . .     SeeInvis .   a - +8 whip "Snakebite" {venom, curare, rPois}
rCold    + + .     Faith    .   c - +0 kite shield
rNeg     . . .     Spirit   +   A - +0 plate armour
rPois    +         Reflect  .   P - +2 hat
rElec    .         Harm     .   r - +1 cloak of the Devil's Advocate {rC+ Regen+}
rCorr    .         Rampage  .   f - +0 pair of gloves
Will     +++..                  L - +0 pair of boots
Stlth    ..........             (no amulet)
HPRegen  2.23/turn              o - ring of protection from cold
MPRegen  0.14/turn              U - ring of the Mage {Wiz Will++ Int+3}

@: no status effects
A: fangs 3, regeneration 1, magic shield, antimagic bite, no potion heal 2
a: Renounce Religion, Potion Petition, Call Merchant, Bribe Branch


You were in an ice cave.
You worshipped Gozag.
Gozag was pleased with you.
You visited 3 branches of the dungeon, and saw 16 of its levels.
You also visited: Ice Cave.

You collected 3160 gold pieces.
You paid 2288 gold pieces to Gozag.

Inventory:

Hand Weapons
 a - the +8 whip "Snakebite" (weapon) {venom, curare, rPois}
   (You found it on level 2 of the Lair of Beasts)

   It poisons the flesh of those it strikes.
   It occasionally inflicts asphyxiating poison on those it strikes, dealing
   poison damage and causing slowness.
   rPois:     It protects you from poison.
 x - a +4 short sword of draining
Missiles
 e - 244 stones
 h - 27 poisoned darts
 z - 12 boomerangs of dispersal
 Q - 3 boomerangs (quivered)
Armour
 c - a +0 kite shield (worn)
 f - a +0 pair of gloves (worn)
 q - a +0 leather armour of poison resistance
 r - the +1 cloak of the Devil's Advocate (worn) {rC+ Regen+}
   (You acquired it on level 3 of the Lair of Beasts)

   rC:        It protects you from cold.
   Regen:     It increases your rate of health regeneration.
 A - a +0 plate armour (worn)
 L - a +0 pair of boots (worn)
 P - a +2 hat (worn)
Jewellery
 o - a ring of protection from cold (left hand)
 t - a ring of fire
 N - a ring of see invisible
 R - a +6 ring of intelligence
 S - a +6 ring of intelligence
 T - a ring of protection from cold
 U - the ring of the Mage (right hand) {Wiz Will++ Int+3}
   (You acquired it on level 3 of the Lair of Beasts)

   [ring of wizardry]

   It improves your spell success rate.
   Int:       It affects your intelligence (+3).
   Will:      It greatly increases your willpower.
Wands
 i - a wand of paralysis (7)
 D - a wand of digging (4)
 F - a wand of iceblast (20)
 H - a wand of mindburst (23)
 M - a wand of acid (5)
Scrolls
 b - 3 scrolls of immolation
 j - 4 scrolls of enchant weapon
 l - 2 scrolls of amnesia
 n - 6 scrolls of teleportation {unknown}
 w - 2 scrolls of summoning
 y - a scroll of torment
 C - 2 scrolls of blinking
 E - a scroll of enchant armour
 G - 2 scrolls of magic mapping
 I - a scroll of brand weapon
 O - a scroll of fear
Potions
 d - a potion of resistance
 g - 2 potions of mutation {unknown}
 m - 2 potions of brilliance
 p - 2 potions of might
 s - 2 potions of curing
 u - 3 potions of haste
 v - a potion of flight {unknown}
 B - a potion of cancellation {unknown}
 J - a potion of berserk rage {unknown}
 K - a potion of magic {unknown}
 V - a potion of lignification {unknown}


   Skills:
 + Level 15.1 Fighting
 - Level 12.0 Short Blades
 - Level 1.7 Polearms
 - Level 2.4 Armour
 + Level 4.6 Shields
 - Level 4.0 Evocations


You had 9 spell levels left.
You knew the following spells:

 Your Spells              Type           Power      Damage    Failure   Level
a - Spider Form           Tmut/Pois      0%         N/A       100%        3

Your spell library contained the following spells:

 Spells                   Type           Power      Damage    Failure   Level
 Animate Skeleton         Necr           0%         N/A       100%        1
 Beastly Appendage        Tmut           0%         N/A       100%        1
 Pain                     Necr           0%         1d4       100%        1
 Shock                    Conj/Air       0%         1d3       100%        1
 Blink                    Tloc           N/A        N/A       100%        2
 Slow                     Hex            0%         N/A       100%        2
 Wereblood                Tmut           0%         N/A       100%        2
 Confusing Touch          Hex            0%         N/A       100%        3
 Frozen Ramparts          Ice            0%         1d2       100%        3
 Lesser Beckoning         Tloc           0%         N/A       100%        3
 Swiftness                Air            0%         N/A       100%        3
 Vampiric Draining        Necr           0%         2d6       100%        3
 Airstrike                Air            0%         N/A       100%        4
 Ice Form                 Ice/Tmut       0%         N/A       100%        4
 Summon Ice Beast         Ice/Summ       0%         N/A       100%        4
 Summon Lightning Spire   Summ/Air       0%         N/A       100%        4
 Manifold Assault         Tloc           0%         N/A       100%        5
 Summon Forest            Summ/Tloc      0%         N/A       100%        5
 Summon Mana Viper        Hex/Summ       0%         N/A       100%        5
 Yara's Violent Unravell  Hex/Tmut       0%         3d3       100%        5
 Shadow Creatures         Summ           N/A        N/A       100%        6
 Storm Form               Tmut/Air       0%         N/A       100%        7
 Maxwell's Capacitive Co  Air            0%         ∞         100%        8


Dungeon Overview and Level Annotations

Branches:
Dungeon (11/15)            Temple (1/1) D:4            Lair (4/6) D:10
  Swamp (0/4) Lair:2       Spider (0/4) Lair:2          Orc (0/2) D:10
  IceCv (1/1)

Altars:
Ashenzari
Cheibriados
Dithmenos
Elyvilon
Fedhas
Gozag
Hepliaklqana
Kikubaaqudgha
Makhleb
Nemelex Xobeh
Okawaru
Qazlal
Ru
Sif Muna
Trog
Uskayaw
Vehumet
Wu Jian
Xom
Yredelemnul
Zin
The Shining One

Annotations:
D:2 Natasha, Sigmund
D:7 2 transporters
D:10 3 runed translucent doors, ticklebelly's ghost, journeyman MiBe IceCv exclusion: ice statue


Innate Abilities, Weirdness & Mutations

You have razor-sharp teeth.
Your natural rate of healing is unusually fast.
When hurt, damage is shared between your health and your magic reserves.
Your bite disrupts and absorbs the magic of your enemies.
Potions cannot restore your health.


Message History

Unknown command.
You hit the demonic crawler simulacrum.
The demonic crawler simulacrum is heavily damaged.
The demonic crawler simulacrum hits you.
The demonic crawler simulacrum freezes you.
You resist.
The demonic crawler simulacrum hits you but does no damage. x2
The entropy weaver simulacrum hits you but does no damage.
You block the entropy weaver simulacrum's attack.
The entropy weaver simulacrum hits you but does no damage. x2
The demonic crawler simulacrum hits you but does no damage.
You block the demonic crawler simulacrum's attack. x2
You hit the demonic crawler simulacrum but do no damage.
You bite the demonic crawler simulacrum!
You drain its power.
You feel invigorated.
The demonic crawler simulacrum is almost destroyed.
The entropy weaver simulacrum hits you but does no damage.
You block the entropy weaver simulacrum's attack.
The entropy weaver simulacrum hits you.
The entropy weaver simulacrum freezes you!
You resist.
You block the entropy weaver simulacrum's attack.
The demonic crawler simulacrum barely misses you.
The demonic crawler simulacrum hits you but does no damage. x2
You block the entropy weaver simulacrum's attack.
The entropy weaver simulacrum hits you.
The entropy weaver simulacrum freezes you!
You resist.
* * * LOW HITPOINT WARNING * * *
The entropy weaver simulacrum hits you.
* * * LOW HITPOINT WARNING * * *
The entropy weaver simulacrum freezes you.
You resist.
* * * LOW HITPOINT WARNING * * *
The entropy weaver simulacrum hits you.
* * * LOW HITPOINT WARNING * * *
The entropy weaver simulacrum freezes you!
You resist.
You die...
Your body crumbles into a pile of gold.

##.####.##
### #..#
#..##
##..# #..#
#..##
##..#
#..##
##@.#
#ZZ.#
##.....
......#
......#
#.....#
#...##
####


You could see a demonic crawler simulacrum and an entropy weaver simulacrum.

Vanquished Creatures
  5 hydras
  Erica (D:10)
  A two-headed ogre (D:11)
  Pikel (D:5)
  An orb spider (Lair:2)
  Joseph (D:8)
  An elephant (D:10)
  A black mamba (Lair:2)
  A gargoyle (D:10)
  8 cane toads
  8 komodo dragons
  A kobold demonologist (D:9)
  4 rime drakes
  Psyche (D:11)
  2 trolls
  A tyrant leech (Lair:2)
  Grinder (D:3)
  3 blink frogs (Lair:2)
  A wraith (D:10)
  3 wyverns
  3 basilisks
  35 yaks
  Grum (D:8)
  2 swamp worms (Lair:2)
  Duvessa (D:5)
  7 orc warriors
  13 water moccasins
  5 ice beasts
  3 ogres
  A black bear (D:10)
  8 wolves
  5 centaurs
  2 phantoms
  A kobold brigand (D:8)
  2 gnoll sergeants
  4 bullfrogs
  3 glowing shapeshifter simulacra (IceCv)
  Dowan (D:5)
  A scorpion (D:7)
  2 water moccasin zombies
  5 killer bees (D:8)
  2 water moccasin skeletons
  17 wights
  3 howler monkeys (D:8)
  4 jellies
  2 centaur skeletons
  11 orc priests
  3 centaur zombies
  2 hounds (D:5)
  3 gnoll shamans
  2 iguanas
  15 orc wizards
  Natasha (twice) (D:2)
  A killer bee zombie (D:7)
  19 gnolls
  A river rat (D:5)
  13 adders
  A shadow imp (D:6)
  A white imp (D:7)
  An ufetubus (D:5)
  A worm (D:5)
  42 orcs
  4 bats
  8 endoplasms
  7 giant cockroaches
  6 goblins
  5 hobgoblins
  2 jackals (D:4)
  14 kobolds
  3 quokkas
  8 ball pythons
  2 frilled lizards (D:3)
  8 rats
364 creatures vanquished.

Vanquished Creatures (others)
  14 fungi
  28 plants
42 creatures vanquished.

Grand Total: 406 creatures vanquished

Notes
Turn   | Place    | Note
-------+----------+-------------------------------------------
     0 | D:1      | shadowrider38 the Vine Stalker Fighter began the quest for
                  | the Orb.
     0 | D:1      | Reached XP level 1. HP: 11/11 MP: 2/2
   281 | D:1      | Reached skill level 3 in Fighting
   286 | D:1      | Reached XP level 2. HP: 16/16 MP: 3/3
  1098 | D:1      | Found a faded altar of an unknown god.
  1376 | D:2      | Reached XP level 3. HP: 8/21 MP: 4/4
  1710 | D:2      | Reached skill level 4 in Fighting
  1923 | D:2      | Noticed Natasha
  1939 | D:2      | Killed Natasha
  1940 | D:2      | Gained mutation: Your natural rate of healing is unusually
                  | fast. [Vine Stalker growth]
  1940 | D:2      | Reached XP level 4. HP: 8/26 MP: 3/5
  1968 | D:2      | Noticed Natasha
  1980 | D:2      | Killed Natasha
  2099 | D:2      | Noticed Sigmund
  2100 | D:2      | Noticed Natasha
  2330 | D:3      | Noticed Grinder
  2342 | D:3      | Paralysed by Grinder for 6 turns
  2352 | D:3      | Killed Grinder
  2353 | D:3      | Reached skill level 6 in Fighting
  2353 | D:3      | Reached XP level 5. HP: 15/32 MP: 6/6
  2353 | D:3      | Reached XP level 6. HP: 17/36 MP: 7/7
  3759 | D:4      | Reached skill level 7 in Fighting
  3759 | D:4      | Reached XP level 7. HP: 42/42 MP: 8/8
  4096 | D:4      | Found a staircase to the Ecumenical Temple.
  4111 | Temple   | Entered the Ecumenical Temple
  4270 | Temple   | Became a worshipper of Gozag Ym Sagoz the Greedy
  4855 | D:5      | Entered Level 5 of the Dungeon
  4993 | D:5      | Reached skill level 8 in Fighting
  5099 | D:5      | Noticed Pikel
  5129 | D:5      | Killed Pikel
  5130 | D:5      | Gained mutation: You have razor-sharp teeth. [Vine Stalker
                  | growth]
  5130 | D:5      | Reached XP level 8. HP: 49/49 MP: 9/9
  5205 | D:5      | Noticed Duvessa
  5215 | D:5      | Noticed Dowan
  5252 | D:5      | Killed Duvessa
  5253 | D:5      | Reached skill level 9 in Fighting
  5254 | D:5      | Killed Dowan
  5403 | D:5      | Reached skill level 1 in Short Blades
  5644 | D:5      | Reached XP level 9. HP: 53/53 MP: 8/10
  6518 | D:7      | Reached skill level 10 in Fighting
  6894 | D:6      | Reached skill level 5 in Short Blades
  7218 | D:6      | Reached XP level 10. HP: 56/58 MP: 11/11
  7668 | D:6      | Found a hazy altar of Hepliaklqana.
  7668 | D:6      | Found a shadowy altar of Dithmenos.
  8117 | D:7      | Reached skill level 11 in Fighting
  8319 | D:7      | Found a transporter.
  8462 | D:7      | Found a transporter.
  8727 | D:8      | Noticed Grum
  8840 | D:8      | Killed Grum
  9014 | D:8      | Noticed Joseph
  9028 | D:8      | Killed Joseph
  9397 | D:9      | Noticed a kobold demonologist
  9417 | D:9      | Killed a kobold demonologist
 10185 | D:9      | Reached skill level 12 in Fighting
 10185 | D:9      | Reached XP level 11. HP: 59/66 MP: 12/12
 10372 | D:9      | Identified the +5 flail of Karma {spect, Str+8 Dex+3
                  | Stlth+}
 10445 | D:10     | Entered Level 10 of the Dungeon
 10474 | D:10     | Found a staircase to the Orcish Mines.
 10691 | D:10     | Noticed a green ugly thing
 10691 | D:10     | Noticed a two-headed ogre
 10737 | D:10     | Found a runed translucent gate.
 10737 | D:10     | Found a runed translucent gate.
 10737 | D:10     | Found a runed translucent gate.
 10739 | D:10     | Noticed ticklebelly's ghost (journeyman MiBe)
 10923 | D:10     | Noticed Erica
 10943 | D:10     | Killed Erica
 10969 | D:10     | Found a staircase to the Lair.
 11226 | Lair:1   | Entered Level 1 of the Lair of Beasts
 11248 | D:11     | Noticed Psyche
 11398 | D:11     | Noticed a two-headed ogre
 11428 | D:11     | Killed a two-headed ogre
 11700 | D:11     | Killed Psyche
 11888 | D:11     | Reached skill level 13 in Fighting
 12837 | Lair:1   | Learned a level 3 spell: Spider Form
 12873 | Lair:1   | Reached skill level 10 in Short Blades
 13166 | Lair:1   | Reached XP level 12. HP: 24/73 MP: 13/13
 14967 | Lair:2   | Reached skill level 14 in Fighting
 15129 | Lair:2   | Noticed a four-headed hydra
 15130 | Lair:2   | Noticed a five-headed hydra
 15144 | Lair:2   | Killed a four-headed hydra
 15149 | Lair:2   | Killed a five-headed hydra
 15198 | Lair:2   | Found a staircase to the Swamp.
 15847 | Lair:2   | Found the +8 whip "Snakebite" {venom, curare, rPois}
 16550 | Lair:2   | Found a hole to the Spider Nest.
 16688 | Lair:2   | Reached XP level 13. HP: 79/79 MP: 14/14
 17265 | Lair:3   | Identified 2 scrolls of acquirement
 17266 | Lair:3   | Acquired the ring of the Mage {Wiz Will++ Int+3}
 17266 | Lair:3   | Found the ring of the Mage {Wiz Will++ Int+3}
 17272 | Lair:3   | Acquired the +1 cloak of the Devil's Advocate {rC+ Regen+}
 18597 | Lair:4   | Reached skill level 15 in Fighting
 19017 | Lair:4   | Found a frozen archway.
 19039 | IceCv    | Entered an ice cave
 19113 | IceCv    | Slain by an entropy weaver simulacrum

Illustrated notes

Levels and vault maps discovered:
D:1:      dpeg_arrival_round_c, layout_basic,
          hellmonk_ecumenical_altar_leap_of_faith
D:2:      layout_basic, uniq_sigmund, uniq_natasha
D:3:      layout_rooms, serial_co_window_serial, co_window_paths_b,
          co_window_of_opportunity_a, co_window_of_opportunity_a,
          co_window_cross_1, co_window_corner_a, co_window_corner_a,
          co_window_of_opportunity_a, co_window_2corner,
          co_window_of_opportunity_b, co_window_corner_b, glass_columns_a,
          uniq_grinder
D:4:      layout_loops_ring, minmay_temple_entry_offerings
D:5:      layout_cave_pods, portal_sewer_entry_b, palyth_stone_intersect,
          uniq_duvessa, uniq_pikel
D:6:      kennysheep_spiral_hall, layout_loops_ring,
          riverfiend_overflow_shadow_ancestor, kennysheep_cluttered_room,
          serial_park_tiny_pond, minmay_unpleasant_kobolds
D:7:      gammafunk_steamed_eel, layout_rooms
D:8:      layout_cave_pools, uniq_joseph, uniq_grum
D:9:      layout_basic, kennysheep_pointless_box, grunt_decor_mini_mirrors
D:10:     layout_basic, david_lair_generic, orc_0_dummy, gammafunk_ghost_split,
          uniq_erica
D:11:     layout_layer_cave, uniq_psyche
Temple:   regret_index_temple_chain_breaker
Lair:1:   layout_roguey, grunt_megastairs_5
Lair:2:   minmay_guarded_unrand_snakebite, layout_loops_ring,
          palyth_hydra_swamp_entry, nicolae_spider_entry_orb_guardian
Lair:3:   layout_small_grid, grunt_megastairs_4
Lair:4:   layout_gridlike, portal_ice_cave_rime, minmay_stone_trees_medium
IceCv:    ice_cave_hellmonk_azure_passage

Skill      XL: |  1  2  3  4  5  6  7  8  9 10 11 12 13 |
---------------+----------------------------------------+-----
Fighting       | 3 4 6 7 8 9 10 12 13 14 15 | 15.1
Evocations     | 3 4 |  4.0
Short Blades   | 1 5 8 10 11 12 | 12.0
Shields        | 4 |  4.6
Polearms       | |  1.7
Armour         | |  2.4

Action                   |  1- 3 |  4- 6 |  7- 9 | 10-12 | 13-15 || total
-------------------------+-------+-------+-------+-------+-------++-------
Melee: Trident           |    70 |   111 |   137 |       |       ||   318
       Bite              |     8 |    34 |   123 |   308 |    58 ||   531
       Short sword       |       |       |   228 |   757 |       ||   985
       Whip              |       |       |       |    12 |   123 ||   135
Throw: Stone             |     2 |       |     3 |    17 |       ||    22
       Boomerang         |       |       |       |    19 |     2 ||    21
Invok: Potion Petition   |       |       |       |     4 |     1 ||     5
Evoke: Wand              |       |       |     2 |     7 |       ||     9
  Use: Potion            |       |     1 |     1 |     2 |       ||     4
       Scroll            |       |       |     5 |     6 |     7 ||    18
 Stab: Paralysed         |       |       |     5 |       |       ||     5
       Distracted        |       |       |     1 |     3 |       ||     4
       Invisible         |       |       |       |     1 |       ||     1
Armor: Scale mail        |    26 |    52 |    70 |       |       ||   148
       Chain mail        |       |       |    67 |       |       ||    67
       Plate armour      |       |       |    41 |   333 |    79 ||   453
Dodge: Dodged            |    13 |    31 |    70 |    70 |    18 ||   202
Block: Kite shield       |    31 |    61 |   164 |   256 |    59 ||   571
